 Dungeon Crawl Stone Soup version 0.28-a0-860-g41a590f (webtiles) character file.

Game seed: 1210085357509526681

81 Sixotanaka the Chiller (level 4, -6/30 HPs)
             Began as a Merfolk Ice Elementalist on Nov 15, 2021.
             Killed by nerve-wracking pain
             ... invoked by Grinder
              (11 damage)
             ... on level 3 of the Dungeon.
             The game lasted 00:04:23 (2487 turns).

Sixotanaka the Chiller (Merfolk Ice Elementalist)   Turns: 2487, Time: 00:04:23

Health: -6/30      AC:  3    Str:  8    XL:     4   Next: 42%
Magic:  7/7        EV: 12    Int: 15    God:
Gold:   109        SH:  0    Dex: 14    Spells: 0/7 levels left

rFire   . . .      SeeInvis .   e - +0 spear
rCold   . . .      Faith    .   (no shield)
rNeg    . . .      Spirit   .   a - +0 robe
rPois   .          Reflect  .   (no helmet)
rElec   .          Harm     .   (no cloak)
rCorr   .          Rampage  .   (no gloves)
Will    .....                   f - +0 pair of boots
Stlth   ++........              (no amulet)
HPRegen 0.10/turn               (no ring)
MPRegen 0.10/turn               (no ring)

@: no status effects
A: (nimble swimmer 2), mertail
a: no special abilities


You were on level 3 of the Dungeon.
You visited 1 branch of the dungeon, and saw 3 of its levels.

You collected 109 gold pieces.

Inventory:

Hand Weapons
 e - a +0 spear (weapon)
Armour
 a - a +0 robe (worn)
 f - a +0 pair of boots (worn)
Scrolls
 b - a scroll of noise {unknown}
 c - a scroll of acquirement {unknown}
 d - 3 scrolls of identify {unknown}
 j - a scroll of fear {unknown}
 k - a scroll of amnesia {unknown}
 l - a scroll of teleportation {unknown}
Potions
 g - a potion of resistance {unknown}
 h - a potion of curing {unknown}
 i - 2 potions of might {unknown}
 m - 2 potions of lignification {unknown}


   Skills:
 - Level 2.6 Dodging
 - Level 2.1 Stealth
 - Level 2.0 Spellcasting
 + Level 6.3 Ice Magic


You couldn't memorise any spells.
You knew the following spells:

 Your Spells              Type           Power      Damage    Failure   Level
a - Freeze                Ice            80%        1d9       1%          1
b - Frozen Ramparts       Ice            40%        1d6       4%          3
c - Ozocubu's Armour      Ice            20%        N/A       4%          3

Your spell library contained the following spells:

 Spells                   Type           Power      Damage    Failure   Level
 Hailstorm                Conj/Ice       11%        3d5       52%         4


Dungeon Overview and Level Annotations

Branches:
Dungeon (3/15)

Altars:

Shops:
D:1 [?:[=

Annotations:
D:3 Grinder


Innate Abilities, Weirdness & Mutations

((You are quick and stealthy near water. (Stealth+, EV+, Speed+++)))
Your lower body shifts to a powerful aquatic tail in water.


Message History

The fungus is lightly damaged.
A nearby plant withers and dies.
Something hits the fungus.
You hit the fungus.
The fungus is lightly damaged.
A nearby fungus withers and dies.
The bat hits you but does no damage.
You closely miss the bat. The bat closely misses you.
The bat hits you but does no damage.
You reach to attack!
You closely miss the bat. The bat hits you but does no damage.
The bat misses you.
You hit the bat.
You kill the bat!
Casting: Freeze (safe; 1% risk of failure)
Confirm with . or Enter, or press ? or * to list all spells.
Aiming: Freeze (safe; 1% risk of failure)
Press: ? - help, Shift-Dir - straight line, f - you
Okay, then.
There is a faded altar of an unknown god here.
Found a stone staircase leading down.
Grinder gestures at you.
You suddenly lose the ability to move!
Grinder blinks!
Grinder hits you but does no damage. Grinder barely misses you.
Grinder hits you!
You writhe in agony.
You can move again.
You barely miss Grinder. Grinder hits you.
Found a scroll labelled WAVOGA OSIWK.
Grinder barely misses you. Grinder hits you.
You writhe in agony.
You see here a viscous emerald potion.
Grinder gestures at you. Pain shoots through your body!
* * * LOW HITPOINT WARNING * * *
Grinder gestures at you. Pain shoots through your body!
* * * LOW HITPOINT WARNING * * *
Grinder gestures at you. You resist with significant effort.
Grinder gestures at you. Pain shoots through your body!
You die...

#.##..#.P.#.#...#...#
..' #!#############.##
.5####...5...........#
..#...######5###..####
#.#.#.# #.....##
#####.#.#.# #.#####
....#.#.#.# #.#
.....)#.#.######.#
......#.#.#.....@####
##....'...#......†)<#
#....#.###......####
######.# #......# #.#
#..)...# #.# #......#
#.# #......# #g#
####'### #.# #...#


You could see Grinder.

Vanquished Creatures
  2 adders (D:2)
  2 worms (D:2)
  A dart slug (D:3)
  An orc (D:3)
  4 ball pythons
  4 endoplasms
  A giant cockroach (D:1)
  8 goblins
  5 hobgoblins
  2 jackals (D:2)
  6 kobolds
  2 quokkas (D:1)
  5 bats
  A frilled lizard (D:2)
  10 rats
54 creatures vanquished.

Vanquished Creatures (others)
  4 fungi (D:3)
  3 plants (D:3)
7 creatures vanquished.

Grand Total: 61 creatures vanquished

Notes
Turn   | Place    | Note
-------+----------+-------------------------------------------
     0 | D:1      | Sixotanaka the Merfolk Ice Elementalist began the quest for
                  | the Orb.
     0 | D:1      | Reached XP level 1. HP: 13/13 MP: 3/3
    11 | D:1      | Found Febugg's Jewellery Boutique.
    16 | D:1      | Found Hyfet's Antique Armour Boutique.
    31 | D:1      | Found Vupeegouw's Book Shoppe.
    41 | D:1      | Found Nohec's Magic Scroll Boutique.
   192 | D:1      | Found Seteumi's Antique Armour Shoppe.
   201 | D:1      | Reached XP level 2. HP: 13/19 MP: 0/5
   317 | D:1      | Reached skill level 5 in Ice Magic
   905 | D:1      | Reached XP level 3. HP: 24/24 MP: 4/6
  1371 | D:2      | Learned a level 3 spell: Frozen Ramparts
  1421 | D:2      | Reached skill level 6 in Ice Magic
  1646 | D:2      | Reached XP level 4. HP: 30/30 MP: 7/7
  1668 | D:2      | Learned a level 3 spell: Ozocubu's Armour
  2380 | D:3      | Noticed Grinder
  2447 | D:3      | Found a faded altar of an unknown god.
  2467 | D:3      | Paralysed by Grinder for 7 turns
  2487 | D:3      | Killed from afar by Grinder

Illustrated notes

Levels and vault maps discovered:
D:1:      minmay_arrival_shattered_statue, layout_basic, serial_shops, shop,
          shop_scrolls, shop, shop, nicolae_shop_trees, minmay_octomino_c4
D:2:      layout_loops_corners, st_stairs_5, grunt_ministairs_7
D:3:      layout_basic, shapermc_ecumenical_altar_mp_urbaneastern, serial_shops,
          shop, uniq_natasha, uniq_terence, uniq_grinder

Skill      XL: |  1  2  3 |
---------------+----------+-----
Ice Magic      | 5 6 |  6.3
Dodging        | |  2.6
Stealth        | |  2.1
Spellcasting   | |  2.0

Action                   |  1- 3 |  4- 6 || total
-------------------------+-------+-------++-------
Melee: Spear             |    75 |    29 ||   104
 Cast: Freeze            |    43 |    17 ||    60
 Stab: Sleeping          |     5 |     3 ||     8
Armor: Robe              |    15 |     4 ||    19
Dodge: Dodged            |    44 |    10 ||    54

Table legend: (Time is in decaauts)
 A = Elapsed time spent in this place.
 B = Non-inter-level travel time spent in this place.
 C = Inter-level travel time spent in this place.
 D = Time resting spent in this place.
 E = Time spent auto-exploring this place.
 F = Levels seen in this place.
 G = Mean time per level.
                   A        B        C        D        E       F      G
               +--------+--------+--------+--------+--------+-----+--------+
         Total |   2496 |   2458 |     38 |    298 |   1600 |   3 |  832.0 |
       Dungeon |   2496 |   2458 |     38 |    298 |   1600 |   3 |  832.0 |
               +--------+--------+--------+--------+--------+-----+--------+

Top non-repeatable levels by time:
     D:2: 1297 daAuts
     D:1: 983 daAuts
     D:3: 215 daAuts
